 Dungeon Crawl Stone Soup version 0.29-a0-321-gf1c400731a (webtiles) character file.

Game seed: 15300701329147078541

3009 spaghetti the Grappler (level 9, -3/63 HPs)
             Began as a Demigod Transmuter on Apr 3, 2022.
             Killed from afar by an electric eel (5 damage)
             ... with a bolt of electricity
             ... on level 7 of the Dungeon.
             The game lasted 00:09:44 (6431 turns).

spaghetti the Grappler (Demigod Transmuter)         Turns: 6431, Time: 00:09:44

Health: -3/63      AC:  6    Str: 23    XL:     9   Next: 29%
Magic:  23/23      EV: 12    Int: 15    God:
Gold:   309        SH:  0    Dex: 14    Spells: 8/11 levels left

rFire   . . .      SeeInvis .     - Unarmed
rCold   . . .      Faith    .   (no shield)
rNeg    . . .      Spirit   .   a - +0 robe
rPois   .          Reflect  .   (no helmet)
rElec   .          Harm     .   (no cloak)
rCorr   .          Rampage  .   (no gloves)
Will    .....                   (no boots)
Stlth   +.........              t - amulet of regeneration {@e2}
HPRegen 1.00/turn               l - +4 ring of protection
MPRegen 0.18/turn               H - ring of magical power

@: no status effects
A: high MP 1, forlorn, divine attributes
a: no special abilities


You were on level 7 of the Dungeon.
You visited 1 branch of the dungeon, and saw 7 of its levels.

You collected 309 gold pieces.


Innate Abilities, Weirdness & Mutations

You have an increased reservoir of magic. (+10% MP)
You shall have no god before yourself.
Your divine heritage dramatically boosts your attributes as you level up.


   Skills:
 - Level 0.8 Fighting
 - Level 1.7 Dodging
 + Level 12.5 Unarmed Combat
 - Level 1.7 Spellcasting
 - Level 1.7 Transmutations


You had 8 spell levels left.
You knew the following spells:

 Your Spells              Type           Power      Damage    Failure   Level
a - Beastly Appendage     Tmut           12%        N/A       11%         1
b - Wereblood             Tmut           6%         N/A       17%         2

Your spell library contained the following spells:

 Spells                   Type           Power      Damage    Failure   Level
 Spider Form              Tmut/Pois      3%         N/A       43%         3
 Ice Form                 Ice/Tmut       3%         N/A       85%         4

Inventory:

Hand Weapons
 d - a +0 short sword {short}
   (You found it on level 1 of the Dungeon)
Missiles
 f - 26 poisoned darts {throwing}
 j - 140 stones (quivered) {throwing}
 p - 5 javelins {throwing}
 s - 4 throwing nets {=f!fthrowing}
 x - 9 boomerangs {throwing}
Armour
 a - a +0 robe (worn)
Magical Staves
 w - a staff of earth {!astaff}
   (You found it on level 3 of the Dungeon)
Jewellery
 c - a ring of protection from cold
   (You found it on level 1 of the Dungeon)
 g - an amulet of magic regeneration {@e2}
   (You found it on level 1 of the Dungeon)
 l - a +4 ring of protection (left hand)
   (You found it on level 1 of the Dungeon)
 t - an amulet of regeneration (around neck) {@e2}
   (You found it on level 2 of the Dungeon)
 D - a ring of flight
   (You found it on level 3 of the Dungeon)
 F - an amulet of the acrobat
   (You found it on level 5 of the Dungeon)
 H - a ring of magical power (right hand)
   (You found it on level 4 of the Dungeon)
 J - a ring of magical power
   (You found it on level 5 of the Dungeon)
Wands
 v - a wand of flame (33)
   (You found it on level 2 of the Dungeon)
 A - a wand of acid (11)
   (You found it on level 3 of the Dungeon)
 L - a wand of iceblast (10)
   (You took it off Pikel on level 6 of the Dungeon)
Scrolls
 b - a scroll of summoning
 e - a scroll of magic mapping {unknown}
 i - a scroll of enchant weapon {unknown}
 k - 2 scrolls of teleportation {unknown}
 n - a scroll of enchant armour {unknown}
 o - 3 scrolls of amnesia {unknown}
 q - 4 scrolls of immolation {!r!r}
 u - 7 scrolls of identify {@r1}
 y - a scroll of holy word {unknown}
 z - 3 scrolls of blinking {unknown}
 G - a scroll of torment {unknown}
Potions
 h - a potion of brilliance {unknown}
 m - a potion of curing {@q1}
 B - 2 potions of flight {unknown}
 C - 2 potions of resistance {unknown}
 E - a potion of mutation {unknown}
 K - a potion of attraction {unknown}
 M - a potion of might {unknown}

Dungeon Overview and Level Annotations

Branches:
Dungeon (7/15)             Temple (0/1) D:5

Shops:
D:1 ( D:5

*
#######.....##.≈≈≈≈≈≈≈...
####............≈≈≈≈≈.≈..
..#.#............≈≈≈≈≈P..
..#..#...........≈≈≈≈≈≈..
###...#..........≈≈≈≈P≈≈.
.........######.≈P≈≈≈≈≈≈
.........# #....≈≈≈≈≈≈P
.........# #...≈.P≈≈≈P.
.........#+###..@S.≈S≈≈≈
..#####+##..###......≈≈P
....#..............≈≈≈≈≈
....'..............≈≈≈PP
.#########.)###.#....≈≈≈
## #..# #.#...).P≈ #..#
..#....... #..+
..+....#.. #..# ..# ...+


You could see 2 electric eels.


Message History

You barely miss the ice beast.
The ice beast barely misses you. 😕 HP[+1]
Your movement speed is average.
Your attack delay is about 0.7.
You hit the ice beast.
You punch the ice beast, but do no damage. 😕 HP[+1]
You punch the ice beast! Your punch misses the ice beast.
The ice beast hits you. The ice beast freezes you. 😕 HP[-6]
You take 6 damage, and now have 49/63 hp.
You hit the ice beast.
You kill the ice beast! 😕 HP[+1]
You start resting. 😎 HP[+13]
Your hp is fully restored (63).
You now have 309 gold pieces (gained 14).
An electric eel comes into view.
An electric eel is nearby!
An electric eel is nearby!
Casting: Wereblood (safe; 17% risk of failure)
Confirm with . or Enter, or press ? or * to list all spells.
Your blood is infused with primal strength. 😎 MP[-2]
You lost 2 mp, and now have 21/23 mp. 😎 MP[+1]
An electric eel comes into view.
The electric eel shoots out a bolt of lightning at you!
The bolt of electricity hits the plant!
The plant begins to die.
The bolt of electricity hits you!
You are too injured to fight recklessly!
You are too injured to fight recklessly!
You are too injured to fight recklessly! 😕 HP[-11]
You take 11 damage, and now have 52/63 hp.
You are too injured to fight recklessly!
You are too injured to fight recklessly!
You are too injured to fight recklessly!
You are too injured to fight recklessly!
You are too injured to fight recklessly!
You are too injured to fight recklessly!
You are too injured to fight recklessly!
You are too injured to fight recklessly!
You are too injured to fight recklessly!
You are too injured to fight recklessly!
You are too injured to fight recklessly!
You are too injured to fight recklessly!
You are too injured to fight recklessly!
You are too injured to fight recklessly!
You are too injured to fight recklessly!
You are too injured to fight recklessly!
You are too injured to fight recklessly!
You are too injured to fight recklessly!
Unknown command.
The electric eel shoots out a bolt of lightning at you!
The bolt of electricity hits you! 😮 HP[-12]
You take 12 damage, and now have 40/63 hp.
You closely miss the electric eel.
The electric eel shoots out a bolt of lightning at you!
The bolt of electricity misses you. 😮 HP[+1]
You punch the electric eel! 😮 HP[+1]
You miss the electric eel.
The electric eel shoots out a bolt of lightning at you!
The bolt of electricity hits you!
* * * LOW HITPOINT WARNING * * *
The electric eel shoots out a bolt of lightning at you!
The bolt of electricity hits the electric eel.
The electric eel completely resists.
The bolt of electricity hits you!
* * * LOW HITPOINT WARNING * * *
😨 HP[-26]
You take 26 damage, and now have 16/63 hp.
MASSIVE DAMAGE!! (PAUSE) It was a potion of cancellation.
Your magical effects are unravelling.
You feel magically purged.
Your primal bloodlust has ended.
A nearby plant withers and dies.
The electric eel shoots out a bolt of lightning at you!
The bolt of electricity hits you!
* * * LOW HITPOINT WARNING * * *
The electric eel shoots out a bolt of lightning at you!
The bolt of electricity hits the electric eel.
The electric eel completely resists.
The bolt of electricity hits you!
* * * LOW HITPOINT WARNING * * *
😱 HP[-15]
You take 15 damage, and now have 1/63 hp.
MASSIVE DAMAGE!! (PAUSE)
Okay, then.
As you read the scroll labelled ADYPTI SETRA, it crumbles to dust.
It is a scroll of identify.
b - a scroll of summoning The electric eel shoots out a bolt of lightning at you!
The bolt of electricity misses you.
The electric eel shoots out a bolt of lightning at you!
The bolt of electricity hits the electric eel.
The electric eel completely resists.
The bolt of electricity hits you.
You die...

Skill      XL: |  1  2  3  4  5  6  7  8  9 |
---------------+----------------------------+-----
Unarmed Combat | 3 4 5 6 7 9 11 12 | 12.5
Fighting       | |  0.8
Dodging        | |  1.7
Spellcasting   | |  1.7
Transmutations | |  1.7

Action                   |  1- 3 |  4- 6 |  7- 9 || total
-------------------------+-------+-------+-------++-------
Melee: Unarmed           |   148 |   119 |   249 ||   516
       Kick              |    16 |     1 |     9 ||    26
       Headbutt          |     8 |       |     7 ||    15
       Punch             |     1 |     5 |    17 ||    23
Throw: Stone             |       |    69 |    69 ||   138
 Cast: Beastly Appendage |    13 |     2 |     5 ||    20
       Wereblood         |     6 |     1 |     7 ||    14
  Use: Potion            |       |     3 |     5 ||     8
       Scroll            |       |       |     1 ||     1
 Stab: Sleeping          |     2 |       |       ||     2
Armor: Robe              |    54 |    29 |    67 ||   150
       Skin              |       |    14 |     7 ||    21
Dodge: Dodged            |   108 |    56 |   124 ||   288

Levels and vault maps discovered:
D:1:      dpeg_arrival_simpleton_c, layout_basic, serial_shops, shop,
          minmay_pentomino_u4
D:2:      layout_basic, minmay_misc_feat_pillars, dk_noncrumbling_3,
          minmay_door_square
D:3:      layout_loops_ring, hellmonk_ecumenical_altar_blasted
D:4:      layout_basic, serial_shops, nicolae_square_shop, minmay_ruptured
D:5:      layout_basic, mainiacjoe_overflow_swirl, minmay_temple_entry_wispy,
          serial_shops, nicolae_square_shop
D:6:      layout_basic, uniq_grinder, uniq_pikel, uniq_eustachio
D:7:      layout_gridville, hangedman_decor_diamond_cutter, chequers_big_river,
          serial_park_tiny_1

Notes
Turn   | Place    | Note
-------+----------+-------------------------------------------
     0 | D:1      | spaghetti the Demigod Transmuter began the quest for the
                  | Orb.
     0 | D:1      | Reached XP level 1. HP: 15/15 MP: 5/5
     0 | D:1      | magus.rc [v1.9.6]
   144 | D:1      | Reached skill level 3 in Unarmed Combat
   163 | D:1      | HP: 1/15 [goblin/+0 club (3)]
   688 | D:1      | Reached XP level 2. HP: 18/22 MP: 7/7
  1077 | D:1      | Found Ozxuomp's Weapon Shoppe.
  1489 | D:2      | Reached XP level 3. HP: 21/27 MP: 8/8
  1614 | D:2      | Reached skill level 4 in Unarmed Combat
  1771 | D:2      | You pick up a book of Changes and begin reading...
  1862 | D:2      | Learned a level 2 spell: Wereblood
  3045 | D:3      | Reached XP level 4. HP: 32/34 MP: 5/9
  3520 | D:4      | Reached skill level 5 in Unarmed Combat
  3718 | D:4      | Reached XP level 5. HP: 14/39 MP: 10/10
  3769 | D:4      | Noticed a black bear
  3771 | D:4      | Noticed an orc warrior
  3783 | D:4      | Killed a black bear
  3784 | D:4      | Reached skill level 6 in Unarmed Combat
  3790 | D:4      | Killed an orc warrior
  3791 | D:4      | Reached XP level 6. HP: 46/46 MP: 11/11
  3800 | D:4      | Reached skill level 7 in Unarmed Combat
  4269 | D:4      | Reached XP level 7. HP: 51/51 MP: 12/12
  4585 | D:5      | Entered Level 5 of the Dungeon
  4711 | D:5      | Reached skill level 8 in Unarmed Combat
  4755 | D:5      | Found a staircase to the Ecumenical Temple.
  4816 | D:5      | HP: 18/76 [scorpion (2)]
  4821 | D:5      | HP: 14/76 [poisoned by a scorpion]
  4826 | D:5      | HP: 10/51 [poisoned by a scorpion]
  4914 | D:5      | Reached skill level 9 in Unarmed Combat
  5016 | D:5      | Reached XP level 8. HP: 49/55 MP: 13/13
  5111 | D:5      | Found Jyqir's General Store.
  5421 | D:6      | Noticed Eustachio
  5442 | D:6      | Killed Eustachio
  5443 | D:6      | Reached skill level 10 in Unarmed Combat
  5457 | D:6      | Noticed Grinder
  5467 | D:6      | Killed Grinder
  5597 | D:6      | Noticed Pikel
  5608 | D:6      | Killed Pikel
  5609 | D:6      | Reached skill level 11 in Unarmed Combat
  5664 | D:6      | HP: 14/58 [ice beast (9)]
  5666 | D:6      | Reached XP level 9. HP: 16/63 MP: 14/14
  6006 | D:7      | Reached skill level 12 in Unarmed Combat
  6200 | D:7      | HP: 15/63 [orc warrior/+0 long sword (12)]
  6206 | D:7      | HP: 8/63 [gnoll/+0 spear (6)]
  6430 | D:7      | HP: 9/63 [electric eel/bolt of electricity (8)]
  6430 | D:7      | HP: 1/63 [electric eel/bolt of electricity (8)]
  6431 | D:7      | Killed from afar by an electric eel

Vanquished Creatures
  Pikel (D:6)
  Grinder (D:6)
  Eustachio (D:6)
  2 ice beasts
  A black bear (D:4)
  2 orc warriors
  4 ogres
  A centaur (D:7)
  2 necrophages
  2 scorpions (D:5)
  5 wights (D:5)
  An electric eel (D:7)
  2 hounds (D:6)
  6 orc priests
  3 iguanas (D:5)
  2 gnoll shamans
  2 orc wizards (D:7)
  12 gnolls
  12 adders
  3 shadow imps
  An ufetubus (D:6)
  A worm (D:4)
  5 dart slugs
  19 orcs
  3 bats
  11 endoplasms
  4 giant cockroaches
  3 goblins
  6 hobgoblins
  4 jackals
  7 kobolds
  2 quokkas (D:3)
  6 ball pythons
  A frilled lizard (D:2)
  9 rats
147 creatures vanquished.

Vanquished Creatures (others)
  2 plants (D:7)
2 creatures vanquished.

Grand Total: 149 creatures vanquished

Table legend:
 A = Non-vault XP
 B = Vault XP
 C = Vault XP percentage of total XP
 D = Non-vault monster count
 E = Vault monster count
 F = Vault count percentage of total count
                 A         B        C        D         E       F
            +---------+---------+-------+---------+---------+-------
      Total |    3157 |    1142 |  26.6 |     138 |       9 |   6.1
            +---------+---------+-------+---------+---------+-------
        D:1 |      23 |       4 |  14.8 |      15 |       4 |  21.1
        D:2 |      51 |       0 |   0.0 |      15 |       0 |   0.0
        D:3 |      61 |       0 |   0.0 |      16 |       0 |   0.0
        D:4 |     722 |      19 |   2.6 |      34 |       2 |   5.6
        D:5 |     831 |       0 |   0.0 |      18 |       0 |   0.0
        D:6 |     755 |    1119 |  59.7 |      22 |       3 |  12.0
        D:7 |     714 |       0 |   0.0 |      18 |       0 |   0.0
            +---------+---------+-------+---------+---------+-------

Illustrated notes

Table legend:
 A = Kills in this place as a percentage of kills in entire the game.
 B = Kills by you in this place as a percentage of kills by you in the entire game.
 C = Kills by friends in this place as a percentage of kills by friends in the entire game.
 D = Other kills in this place as a percentage of other kills in the entire game.
 E = Experience gained in this place as a percentage of experience gained in the entire game.
 F = Experience gained in this place divided by the number of levels of this place that you have seen.
                   A       B       C       D       E      F
               +-------+-------+-------+-------+-------+----------------------
         Total | 100.0 | 100.0 |   N/A |   N/A | 100.0 | 614.1
       Dungeon | 100.0 | 100.0 |   N/A |   N/A | 100.0 | 614.1
               +-------+-------+-------+-------+-------+----------------------

Table legend: (Time is in decaauts)
 A = Elapsed time spent in this place.
 B = Non-inter-level travel time spent in this place.
 C = Inter-level travel time spent in this place.
 D = Time resting spent in this place.
 E = Time spent auto-exploring this place.
 F = Levels seen in this place.
 G = Mean time per level.
                   A        B        C        D        E       F      G
               +--------+--------+--------+--------+--------+-----+--------+
         Total |   6392 |   6202 |    190 |   1315 |   3836 |   7 |  913.1 |
       Dungeon |   6392 |   6202 |    190 |   1315 |   3836 |   7 |  913.1 |
               +--------+--------+--------+--------+--------+-----+--------+

Top non-repeatable levels by time:
     D:1: 1400 daAuts
     D:2: 1232 daAuts
     D:4: 1190 daAuts
     D:5: 741 daAuts
     D:3: 740 daAuts
     D:6: 655 daAuts
     D:7: 430 daAuts
